Description

Created by: PiG

Build Order

Get SALT Encoding   

  14  0:27  Spawning Pool  
  14  0:36  Extractor  2 Drones in extractor
  14  0:45  Overlord  
  14  0:51  Extractor  2 Drones in extractor
  15  1:15  Roach Warren  More 1 Drone each extractor
  15  1:16  Zergling  Move away the opponent Reaper.
  15  1:30  Overlord  
  15  1:56  Roach x3  
  21  2:07  Roach  
  23  2:17  Ravager x2  
  23  2:20  Roach  
  27  2:25  Ravager  
  27  2:29  Roach  
  30  2:41  Overlord  
Spawning Tool Build Advisor. Get it on Overwolf

Go to:

Details

  • Created by: ewbenini
  • Published on: Apr 09, 2017
  • Modified on: Apr 10, 2017
  • Patch: 3.8.0
Show
View Real Time Build Order
Export as new Build Order

Comments (0)

There are no comments. Be the first!

Create an account to comment!